Map: 2000 Atmospheres LE

Players

Cham - Winner!

  • Race: Zerg Zerg

Kelazhur

  • Race: Terran Terran

Event: DreamHack SC2 Masters 2021 Winter

VOD

Have the link to the VOD?

Description

Time

  • Played on: Oct. 3, 2021, 4:27 p.m.
  • Length: 27:02

All games in this series

Show
View Real Time Build Order
Export as new Build Order

Cham Zerg - Winner!

Build Orders: Hatch First 

Get SALT Encoding   

  12  0:00  Drone  
  13  0:12  Overlord  
  13  0:16  Drone  
  14  0:30  Drone x2  
  16  0:50  Hatchery  
  16  0:52  Drone  
  16  0:56  Drone  
  17  1:00  Drone  
  18  1:14  Spawning Pool  
  17  1:20  Drone, Extractor  
  17  1:22  Drone  
  18  1:28  Drone  
  19  1:39  Drone  
  20  1:49  Drone  
  21  2:02  Queen x2  
  21  2:03  Zergling x2  
  21  2:04  Zergling x2  
  27  2:13  Drone  
  28  2:20  Hatchery  
  27  2:25  Overlord  
  27  2:28  Drone  
  28  2:47  Queen  
  28  2:49  Drone x4  
  28  2:50  Metabolic Boost  
  34  2:58  Queen  
  36  3:04  Overlord  
  36  3:09  Overlord  
  36  3:22  Drone x7  
  43  3:31  Queen  
  45  3:34  Queen  
  45  3:37  Zergling x2  
  45  3:38  Zergling x2  
  49  3:42  Zergling x2  
  49  3:44  Drone x2  
  52  3:48  Zergling x2  
  52  3:54  Drone  
  54  3:59  Drone, Queen  
  54  4:00  Drone  
  58  4:03  Overlord x2  
  58  4:14  Overlord  
  58  4:20  Queen  
  58  4:21  Drone x8  
  68  4:24  Drone  
  68  4:25  Drone x2  
  68  4:29  Drone  
  68  4:30  Drone x2  
  74  4:34  Lair  
  74  4:37  Drone  
  74  4:38  Drone  
  76  4:39  Drone  
  76  4:41  Extractor  
  76  4:45  Spore Crawler  
  75  4:47  Spore Crawler x2  
  75  4:50  Drone x3  
  75  4:51  Drone  
  75  4:52  Drone  
  78  4:53  Drone  
  78  4:55  Drone  
  78  4:58  Extractor  
  78  4:59  Extractor  
  77  5:00  Drone x2  
  77  5:03  Drone  
  77  5:04  Drone  
  78  5:14  Drone x3, Extractor  
  78  5:15  Drone, Extractor  
  78  5:17  Drone, Baneling Nest  
  78  5:20  Overlord  
  80  5:21  Drone  
  80  5:23  Overlord x2  
  81  5:35  Spire, Hatchery  
  80  5:36  Drone x2  
  81  5:43  Drone x2  
  81  5:44  Drone x4  
  81  5:46  Drone x2  
  81  5:48  Overlord  
  89  5:50  Zergling x4  
  89  5:56  Overlord  
  91  6:01  Centrifugal Hooks  
  91  6:02  Zergling x2  
  91  6:03  Zergling x6  
  93  6:09  Drone x3  
  92  6:14  Overseer  
  92  6:15  Drone  
  92  6:17  Drone x4  
  95  6:24  Drone x4  
  99  6:27  Drone x2  
  101  6:34  Overlord  
  101  6:46  Mutalisk x6  
  100  6:48  Mutalisk  
  100  6:53  Mutalisk  
  114  6:56  Mutalisk  
  114  6:59  Mutalisk x2  
  122  7:03  Drone x2  
  122  7:05  Evolution Chamber  
  122  7:07  Baneling x6, Evolution Chamber  
  122  7:08  Zergling x14  
  129  7:11  Overlord x2  
  129  7:14  Mutalisk  
  131  7:22  Drone x3  
  134  7:33  Hatchery  
  134  7:36  Zergling x10  
  134  7:37  Zergling x16  
  146  7:42  Mutalisk x3  
  152  7:45  Overlord x2  
  152  7:48  Zerg Ground Armor Level 1  
  151  7:57  Zerg Melee Weapons Level 1  
  142  8:07  Zergling x4  
  142  8:08  Zergling x18  
  142  8:11  Mutalisk x3  
  142  8:12  Mutalisk  
  149  8:14  Baneling x2  
  149  8:17  Zergling x4  
  151  8:21  Drone x2  
  143  8:32  Zergling x2, Mutalisk x3  
  139  8:37  Zergling x2  
  139  8:40  Zerg Flyer Weapons Level 1, Hatchery  
  139  8:41  Zergling x4  
  141  8:46  Zergling x12  
  147  8:49  Zergling x2, Extractor x2  
  147  8:51  Mutalisk x2  
  147  8:52  Zergling x6, Overlord  
  147  8:53  Zergling x2  
  154  8:56  Drone  
  154  9:02  Drone x2  
  157  9:06  Drone x2  
  157  9:07  Zergling x4  
  157  9:09  Zergling x4  
  163  9:10  Zergling x2  
  163  9:12  Baneling x12  
  163  9:13  Zergling x2  
  163  9:14  Zergling x4  
  167  9:27  Overlord x2  
  167  9:29  Overlord  
  167  9:30  Overlord  
  167  9:31  Overlord x8  
  167  9:37  Baneling x10  
  167  9:38  Overlord x2  
  167  9:43  Baneling  
  167  9:44  Baneling x4  
  167  9:45  Overlord  
  167  9:48  Zergling x6  
  170  9:53  Zergling x8  
  170  9:54  Zergling x6  
  177  10:02  Zergling x4  
  170  10:11  Zergling x2  
  170  10:13  Zergling x2  
  170  10:14  Zergling x12  
  151  10:16  Zergling x2  
  151  10:18  Drone x11  
  151  10:19  Drone  
  161  10:24  Zergling x4  
  161  10:26  Infestation Pit, Zerg Melee Weapons Level 2, Zerg Ground Armor Level 2  
  159  10:33  Zergling x18  
  159  10:35  Zergling x2  
  162  10:36  Zergling x2  
  162  10:37  Baneling  
  162  10:38  Baneling x2  
  162  10:40  Zergling x2  
  162  10:41  Zergling x12, Baneling  
  169  10:48  Baneling x9  
  169  10:49  Zergling x4  
  171  10:54  Drone x2  
  169  10:58  Zergling x6  
  169  11:02  Baneling x2  
  169  11:03  Baneling x3  
  172  11:06  Zergling x2  
  172  11:08  Zergling x30  
  172  11:11  Zergling x4  
  185  11:15  Zergling x12  
  171  11:28  Mutalisk x6  
  171  11:30  Hive  
  171  11:32  Zergling x4  
  180  11:34  Baneling x8  
  177  11:40  Zerg Flyer Weapons Level 2  
  177  11:44  Mutalisk  
  177  11:45  Mutalisk x5  
  177  11:46  Zergling x2  
  190  11:47  Zergling x2  
  174  12:02  Spore Crawler  
  174  12:04  Zergling x4  
  174  12:05  Zergling x26  
  188  12:10  Zergling x2  
  188  12:11  Zergling x4, Spine Crawler, Overlord  
  188  12:12  Zergling x2  
  188  12:13  Baneling x7  
  191  12:16  Zergling x2  
  191  12:17  Zergling x2  
  184  12:24  Zergling x4  
  184  12:25  Zergling x16  
  184  12:27  Baneling x6  
  188  12:30  Zergling x2  
  188  12:34  Drone  
  188  12:35  Drone x2  
  188  12:36  Zergling x2  
  188  12:37  Zergling x2  
  182  12:38  Baneling x6  
  182  12:40  Baneling x11  
  182  12:43  Zerg Ground Armor Level 3  
  182  12:46  Zergling x8  
  182  12:49  Adrenal Glands  
  186  12:52  Zergling x6  
  186  12:55  Zergling x6  
  192  13:01  Zergling x2  
  192  13:02  Zergling x14  
  200  13:11  Zergling x8  
  200  13:19  Baneling  
  200  13:20  Baneling x2  
  200  13:21  Overlord  
  200  13:22  Ultralisk Cavern  
  200  13:25  Baneling  
  200  13:26  Baneling x4  
  199  13:27  Zergling x2, Overlord  
  199  13:30  Extractor  
  195  13:37  Zergling x2  
  195  13:39  Baneling x10  
  195  13:43  Zergling x2  
  195  13:44  Zergling x10, Baneling  
  195  13:45  Baneling x6  
  190  13:48  Zergling x2  
  190  13:49  Zergling x8  
  190  13:50  Zergling x4  
  187  13:57  Zergling x14  
  179  14:03  Zerg Melee Weapons Level 3  
  179  14:04  Zergling x4  
  179  14:05  Zergling x18, Baneling x4  
  179  14:09  Zergling x2  
  188  14:10  Zergling x12  
  188  14:11  Baneling x7  
  186  14:21  Zergling x2  
  186  14:23  Zergling x12  
  179  14:26  Zergling x2  
  179  14:27  Zergling x8  
  179  14:30  Zergling x2  
  169  14:35  Mutalisk x7  
  178  14:41  Overseer, Chitinous Plating  
  178  14:44  Drone x4  
  182  14:45  Extractor  
  182  14:46  Baneling x6  
  182  14:47  Zergling x6, Extractor  
  158  15:04  Zergling x14  
  158  15:05  Zergling x4  
  158  15:06  Zergling x2  
  131  15:25  Ultralisk x3  
  131  15:26  Zergling x8  
  131  15:27  Zergling x12  
  159  15:31  Overseer x2  
  159  15:34  Zergling x6  
  159  15:37  Zergling x4  
  161  15:44  Zergling x2  
  161  15:45  Zergling x4  
  161  15:48  Baneling  
  161  15:49  Baneling x12  
  161  15:50  Zergling x12  
  161  15:51  Baneling x4  
  161  15:54  Zergling x10  
  161  15:55  Zergling x2  
  173  15:57  Baneling x5  
  173  16:00  Anabolic Synthesis  
  173  16:11  Ultralisk  
  173  16:15  Zergling x2  
  178  16:21  Hatchery  
  178  16:25  Zergling x8  
  170  16:26  Zergling x16  
  175  16:43  Ultralisk x2, Zergling x4  
  175  16:47  Baneling x10  
  189  16:48  Overseer  
  169  17:02  Zergling x22  
  169  17:04  Zergling x2  
  169  17:05  Zergling x4  
  172  17:14  Zergling x14  
  173  17:18  Corruptor  
  173  17:21  Zergling x4  
  163  17:30  Corruptor x2  
  163  17:31  Zergling x2  
  163  17:35  Corruptor  
  163  17:36  Zergling x2  
  160  17:38  Zergling x4  
  161  17:47  Corruptor  
  161  17:48  Zergling x2  
  161  17:51  Zergling x16  
  167  17:53  Zergling x2  
  167  17:54  Zergling x2  
  167  17:58  Baneling x2  
  157  18:06  Baneling  
  157  18:07  Baneling x3  
  157  18:12  Corruptor x2  
  153  18:13  Zergling x14  
  158  18:23  Zergling x16  
  158  18:25  Baneling x3  
  163  18:29  Zergling x2  
  163  18:31  Zergling x2  
  163  18:32  Zergling x6  
  168  18:36  Zergling x2  
  168  18:37  Zergling x6  
  170  18:44  Baneling x3  
  170  18:45  Overseer, Baneling x2  
  170  18:46  Pneumatized Carapace, Zergling x2  
  170  18:47  Zergling x4  
  173  18:49  Zergling x2  
  173  18:54  Zergling x8  
  173  18:55  Baneling x3  
  172  19:05  Corruptor  
  172  19:06  Zergling x2, Corruptor  
  173  19:14  Corruptor x2  
  161  19:17  Corruptor  
  161  19:18  Zergling x2  
  161  19:19  Baneling x3  
  165  19:28  Zergling x2  
  165  19:30  Zergling x6  
  167  19:42  Zergling x12  
  167  19:43  Zergling x10  
  177  19:46  Zergling x2  
  177  19:48  Zergling x2  
  177  19:50  Zergling x2  
  177  19:51  Zergling x2  
  177  19:52  Zergling x2  
  172  19:57  Zergling x6  
  175  20:04  Corruptor  
  175  20:05  Drone  
  166  20:17  Corruptor  
  166  20:18  Ultralisk  
  166  20:19  Zergling x2  
  166  20:21  Zergling x2  
  171  20:24  Zergling x4  
  171  20:28  Zergling x2  
  168  20:32  Zergling x6  
  164  20:37  Zergling x2  
  157  20:57  Zergling x4  
  157  21:03  Baneling x6  
  146  21:13  Hatchery  
  135  21:22  Corruptor x2  
  135  21:23  Zergling x4  
  135  21:25  Zergling x10  
  136  21:29  Zergling x4  
  136  21:43  Zergling x2  
  136  21:44  Zergling x2  
  130  21:55  Ultralisk  
  130  21:58  Zergling x6  
  130  22:01  Zergling x2  
  140  22:08  Zergling x6  
  141  22:09  Baneling x2  
  141  22:12  Zergling x2  
  127  22:22  Baneling  
  127  22:23  Baneling x3  
  127  22:24  Zergling x6  
  127  22:27  Zergling x2  
  125  22:41  Ultralisk  
  131  22:54  Hatchery  
  130  23:00  Zergling x8  
  134  23:10  Zergling x12  
  140  23:13  Zergling x4  
  142  23:29  Hatchery  
  142  23:32  Baneling  
  139  23:35  Overseer  
  139  23:37  Baneling x5  
  139  23:44  Ultralisk  
  139  23:48  Zergling x2  
  145  23:59  Corruptor  
  147  24:03  Zergling x12  
  146  24:11  Overseer, Zergling x2  
  146  24:15  Zergling x4  
  146  24:17  Zergling x6  
  152  24:24  Zergling x16  
  159  24:32  Zergling x4  
  153  24:44  Zergling x2  
  153  24:45  Ultralisk x2, Zergling x4  
  152  24:53  Zergling x2  
  152  24:58  Zergling x2  
  152  24:59  Zergling x22  
  163  25:07  Ultralisk, Zergling x2  
  163  25:10  Zergling x8  
  168  25:16  Zergling x6  
  168  25:19  Baneling x11  
  168  25:20  Baneling x2  
  171  25:22  Zergling x2  
  171  25:25  Overseer  
  172  25:31  Hatchery  
Show
View Real Time Build Order
Export as new Build Order

Kelazhur Terran 

Build Orders: Reaper Expand, Hellion Banshee 

Get SALT Encoding   

  12  0:00  SCV  
  13  0:12  SCV  
  14  0:17  Supply Depot  
  14  0:24  SCV  
  15  0:38  SCV  
  15  0:40  Barracks  
  16  0:42  Refinery  
  16  0:50  SCV  
  17  1:03  SCV  
  18  1:15  SCV  
  19  1:27  Reaper, Orbital Command  
  20  1:37  Command Center  
  20  1:47  Supply Depot  
  20  1:52  SCV  
  21  1:59  Marine  
  22  2:02  Factory  
  22  2:05  SCV  
  23  2:12  Refinery  
  23  2:17  SCV  
  23  2:20  Barracks Reactor  
  24  2:29  SCV  
  25  2:41  SCV  
  26  2:49  Starport  
  26  2:50  Orbital Command  
  26  2:53  SCV  
  27  3:03  Hellion x2  
  27  3:05  Barracks Tech Lab, SCV  
  32  3:15  SCV  
  32  3:17  SCV  
  34  3:25  Command Center  
  34  3:28  SCV  
  34  3:30  SCV  
  34  3:32  Banshee  
  39  3:35  Cloaking Field  
  39  3:40  SCV  
  40  3:42  SCV  
  40  3:46  Hellion x2  
  45  3:49  Supply Depot  
  45  3:52  SCV  
  46  3:57  Supply Depot  
  46  4:11  SCV x2  
  46  4:14  Hellion x2  
  52  4:18  Supply Depot, Banshee  
  52  4:23  SCV x2  
  57  4:28  Barracks Tech Lab  
  57  4:35  SCV  
  58  4:38  Orbital Command  
  58  4:40  SCV  
  59  4:46  Factory Reactor, Barracks  
  59  4:47  SCV  
  59  4:48  Marine  
  59  4:49  Stimpack  
  59  4:52  SCV, Barracks  
  62  4:59  SCV  
  63  5:04  SCV  
  63  5:06  SCV, Marine  
  66  5:10  Refinery  
  66  5:11  SCV, Refinery, Engineering Bay  
  67  5:14  Engineering Bay  
  67  5:16  SCV  
  67  5:17  Orbital Command  
  68  5:22  Starport Reactor  
  68  5:23  SCV  
  69  5:28  SCV, Marine  
  69  5:31  Siege Tank  
  73  5:35  SCV  
  73  5:36  Barracks  
  73  5:37  Barracks  
  73  5:41  SCV, Marine, Terran Infantry Weapons Level 1, Terran Infantry Armor Level 1  
  73  5:42  Marine x2  
  77  5:43  Marine  
  77  5:44  SCV  
  77  5:46  Marine  
  77  5:47  SCV  
  81  5:52  Supply Depot  
  81  5:53  SCV  
  81  5:56  SCV  
  83  6:00  SCV  
  83  6:02  Marine  
  85  6:10  Supply Depot  
  85  6:14  SCV x3, Siege Tank, Marine x2  
  93  6:25  Barracks Reactor  
  93  6:26  SCV x2, Marine  
  93  6:29  Barracks Reactor  
  93  6:32  Medivac x2, Refinery, SCV  
  98  6:34  Supply Depot  
  98  6:35  Supply Depot, Marine  
  98  6:36  Combat Shield  
  98  6:38  SCV  
  98  6:39  SCV  
  101  6:40  Supply Depot  
  101  6:53  Armory  
  101  6:55  SCV, Siege Tank, Marine x4  
  101  6:56  SCV x2  
  101  6:58  Marine  
  112  7:01  Supply Depot  
  112  7:03  Supply Depot  
  112  7:04  Medivac x2, Marine  
  112  7:07  Supply Depot, SCV  
  112  7:08  Marine x3  
  119  7:13  Marine  
  119  7:14  Marine  
  123  7:25  Marine  
  123  7:26  Marine x5  
  129  7:35  SCV  
  129  7:37  Medivac x2  
  134  7:41  Marine  
  134  7:42  Missile Turret x2  
  134  7:43  Missile Turret, Marine  
  136  7:44  Marine  
  136  7:45  Marine x6  
  136  7:47  Factory  
  143  7:58  SCV  
  136  7:59  Marine  
  136  8:01  Marine  
  136  8:02  Marine  
  136  8:03  Marine x6  
  136  8:05  Terran Infantry Armor Level 2  
  136  8:06  Terran Infantry Weapons Level 2  
  131  8:14  SCV x2  
  131  8:17  Marine  
  131  8:19  SCV, Marine  
  133  8:20  Marine x6  
  133  8:24  Marine  
  133  8:25  Missile Turret  
  140  8:32  Widow Mine, Drilling Claws  
  133  8:35  Missile Turret, Marine  
  133  8:38  SCV  
  133  8:39  Marine  
  136  8:45  Medivac x2, Marine x2  
  136  8:46  Marine x5  
  147  8:53  Marine  
  147  8:54  SCV x2  
  148  8:56  Supply Depot  
  148  8:57  Marine  
  148  8:58  Supply Depot  
  148  9:01  Bunker  
  149  9:08  Command Center  
  149  9:09  Supply Depot x2, Terran Vehicle And Ship Armor Level 1  
  149  9:15  Factory Reactor  
  149  9:17  Medivac x2, Marine x2  
  149  9:18  Widow Mine  
  149  9:19  Marine x2  
  149  9:20  Marine x2  
  149  9:23  Marine  
  160  9:27  Marine  
  160  9:28  Marine  
  162  9:35  Marine x2  
  162  9:37  Marine x2  
  162  9:38  Marine  
  167  9:39  Widow Mine, Marine  
  167  9:40  Sensor Tower  
  170  9:47  Medivac  
  170  9:50  Marine x3  
  174  9:59  Widow Mine x2  
  168  10:10  Marine  
  168  10:12  Marine  
  168  10:13  SCV  
  162  10:14  SCV  
  162  10:15  SCV  
  162  10:18  Marine  
  162  10:20  Widow Mine, Medivac x2  
  162  10:21  Widow Mine x2  
  172  10:23  Marine x5  
  172  10:25  SCV  
  175  10:28  Terran Infantry Weapons Level 3  
  175  10:31  Marine  
  175  10:32  Marine  
  159  10:36  Marine  
  159  10:37  SCV, Marine  
  159  10:39  SCV  
  159  10:40  SCV  
  159  10:41  Marine  
  163  10:48  Widow Mine x2  
  163  10:49  Marine  
  167  10:53  Marine  
  167  10:56  Medivac x2  
  169  10:57  Widow Mine  
  169  10:58  Marine x7  
  169  11:02  SCV x3  
  181  11:07  Marine  
  181  11:09  Widow Mine  
  182  11:11  Marine  
  182  11:14  SCV  
  182  11:16  SCV x2, Marine  
  171  11:20  Marine x2  
  171  11:21  Marine x4  
  171  11:25  Marine  
  172  11:29  Marine  
  162  11:34  Marine  
  162  11:38  Widow Mine x3, Marine x6  
  172  11:41  Terran Infantry Armor Level 3  
  172  11:42  Marine  
  171  11:47  Marine  
  171  11:51  Marine  
  166  12:01  Marine x4  
  166  12:02  Widow Mine  
  166  12:03  Widow Mine x2  
  166  12:06  Medivac x2, Marine  
  181  12:11  Command Center  
  181  12:13  Supply Depot x2  
  181  12:14  Supply Depot, Marine  
  181  12:22  Marine x7  
  167  12:24  Marine  
  164  12:32  Marine  
  153  12:38  Widow Mine x2  
  153  12:39  Marine, Thor  
  164  12:51  Marine  
  164  12:52  Marauder, Marine x6  
  164  12:55  Command Center  
  164  12:57  Marine  
  167  13:09  Marine  
  167  13:10  Widow Mine x2, Marine  
  167  13:11  Marine  
  170  13:13  Medivac x2  
  170  13:15  Marine x2  
  173  13:23  Missile Turret, Marine  
  174  13:28  Missile Turret  
  174  13:40  Marine  
  175  13:43  Medivac x2  
  179  13:50  Widow Mine, Marine x2  
  179  13:52  Marine  
  176  14:01  Marine  
  176  14:02  Marine x5  
  172  14:08  Marine x2  
  172  14:09  Marine  
  178  14:12  Widow Mine  
  178  14:13  Medivac x2  
  174  14:18  Planetary Fortress  
  174  14:19  Marine  
  174  14:20  Marine x3  
  142  14:25  Missile Turret  
  142  14:27  Marine  
  142  14:28  Marine  
  142  14:29  Marine  
  142  14:30  Marine  
  128  14:34  Marine  
  128  14:37  Marine  
  128  14:38  Marine x2  
  124  14:40  Marine  
  124  14:45  Marine  
  125  14:46  Widow Mine x2  
  125  14:50  Marine x3  
  125  14:52  Marine  
  133  14:55  Marine  
  133  14:59  Marine  
  126  15:02  Marine  
  126  15:03  Marine x2  
  123  15:07  Marine  
  123  15:08  Marine x2  
  123  15:09  Medivac x2  
  123  15:10  Marine  
  123  15:12  Missile Turret  
  123  15:13  Marine  
  132  15:17  Marine  
  132  15:20  Marine  
  132  15:21  Widow Mine, Marine x2  
  133  15:22  Widow Mine  
  133  15:25  Marine  
  133  15:26  Marine x2  
  133  15:27  Marine  
  142  15:29  Thor  
  142  15:30  Marine  
  142  15:34  Marine  
  142  15:35  Terran Vehicle And Ship Armor Level 2  
  150  15:38  Marine x2  
  147  15:46  Marauder, Marine  
  150  15:51  Marine x4  
  150  15:52  Marine  
  150  15:56  Planetary Fortress, Marine x2  
  157  15:59  SCV x3  
  157  16:02  Widow Mine  
  160  16:04  Marine  
  160  16:11  SCV x3  
  160  16:16  Orbital Command  
  162  16:19  Marauder, Missile Turret  
  162  16:22  Liberator  
  162  16:23  SCV  
  155  16:31  Marine x8  
  162  16:39  Widow Mine x2  
  166  16:40  Marine  
  169  16:47  Widow Mine  
  169  16:49  Liberator  
  172  17:01  Marauder  
  151  17:03  Marine x4  
  151  17:05  Marine  
  140  17:09  Widow Mine x2  
  140  17:10  Marine  
  140  17:11  Marine x2  
  140  17:13  Widow Mine  
  141  17:21  Marine x2  
  128  17:30  Widow Mine x2  
  128  17:34  Widow Mine, Marine  
  128  17:35  Marine x5  
  128  17:36  Marine  
  114  17:43  Marine  
  114  17:44  Marine  
  114  17:52  Widow Mine, Marine  
  114  17:53  Marine  
  114  17:55  Marine  
  114  17:56  Marauder, Command Center, Marine  
  114  17:57  Liberator  
  123  18:03  Orbital Command  
  123  18:05  Marine x4  
  118  18:12  Marine  
  113  18:15  Widow Mine x2, Marine  
  113  18:16  Marine x2  
  113  18:17  Marine  
  118  18:22  Marine  
  118  18:26  Marine  
  120  18:35  Marauder, Marine  
  120  18:36  Marine x4  
  127  18:50  Marine  
  127  18:52  Marine x2  
  127  18:53  Marine  
  121  19:15  Marine x6  
  121  19:16  Marauder  
  114  19:17  Widow Mine x2  
  114  19:23  Marine  
  119  19:25  Widow Mine  
  120  19:33  Liberator  
  116  19:39  Widow Mine, Orbital Command  
  116  19:41  Marauder  
  116  19:42  Marine  
  114  19:51  Widow Mine  
  114  19:52  Marine  
  111  19:53  Marine  
  108  20:10  Widow Mine x2  
  108  20:13  Widow Mine  
  106  20:20  Orbital Command  
  106  20:21  Marine x3  
  94  20:26  Marauder  
  97  20:34  Marine x2  
  94  20:49  Orbital Command  
  92  20:59  Marauder  
  94  21:08  Widow Mine x2  
  98  21:21  Marauder, Marine  
  98  21:22  Marine x7  
  90  21:26  Medivac  
  90  21:27  Medivac  
  94  21:34  Concussive Shells  
  94  21:39  Marine  
  91  21:44  Marine  
  87  21:48  Marauder  
  87  21:52  Widow Mine  
  87  21:53  Marine x3  
  85  21:55  Marine  
  85  21:56  Marine  
  82  22:03  Orbital Command  
  82  22:04  Marine  
  82  22:06  Widow Mine  
  81  22:29  Medivac  
  71  22:49  SCV x3  
  74  23:01  Marauder, SCV x3  
  79  23:10  Marine  
  80  23:13  SCV x3  
  83  23:25  Marine x4  
  83  23:27  Marauder  
  92  23:29  Widow Mine  
  92  23:30  Widow Mine x2  
  95  23:47  Marine x2  
  95  23:48  Marauder, SCV  
  99  23:58  Marine  
  99  24:02  Marine x4  
  101  24:03  Marine  
  101  24:04  Marine  
  101  24:05  Marine  
  99  24:10  Marine  
  99  24:15  Marine  
  101  24:20  Marine x3  
  104  24:26  Orbital Command  
  104  24:28  Marine  
  104  24:29  Marauder, Marine x3  
  109  24:33  Marine  
  81  24:47  Marine  
  81  24:51  Marauder  
  80  24:56  Widow Mine x2  
  78  25:04  Medivac  
  80  25:13  Orbital Command  
  80  25:20  Widow Mine, Medivac  
  80  25:21  Widow Mine  
  84  25:24  Widow Mine  
  86  25:33  Marine  
  86  25:34  Marauder  
  89  25:37  Marine  
  90  25:48  Marine  

Tags
 
Add a new tag
Caveats
  • Supply blocks, unpowered buildings, or Contaminate may cause inaccurate times.
  • Supply counts are checked every 10 seconds.